Map: Ulrena

Players

LuckyOne

  • Race: Terran Terran
  • League: Platinum

LilDicky - Winner!

  • Race: Terran Terran
  • League: Diamond

VOD

http://www.twitch.tv/tumescentpie

Description

Time

  • Played on: Dec. 30, 2015, 9:34 p.m.
  • Length: 9:51
Show
View Real Time Build Order
Export as new Build Order

LuckyOne Terran 

Build Orders: 1/1/1 

Get SALT Encoding   

  12  0:01  SCV  
  13  0:13  SCV  
  14  0:18  Supply Depot  
  14  0:25  SCV  
  15  0:39  SCV  
  15  0:40  Barracks  
  16  0:45  Refinery  
  16  0:51  SCV  
  17  0:58  Refinery  
  17  1:03  SCV  
  18  1:15  SCV  
  19  1:28  Orbital Command  
  19  1:32  Marine  
  20  1:34  Factory  
  20  1:43  Supply Depot  
  20  1:54  SCV  
  21  2:06  SCV, Barracks Tech Lab  
  22  2:11  Barracks Reactor  
  22  2:19  SCV, Factory Tech Lab  
  23  2:25  Starport  
  23  2:34  SCV  
  24  2:39  Siege Tank  
  27  2:47  Supply Depot, SCV  
  27  2:49  Marine  
  29  2:53  Marine  
  30  3:01  SCV  
  31  3:08  Medivac  
  31  3:11  Marine  
  34  3:14  Marine  
  34  3:16  SCV, Siege Tank  
  39  3:22  Supply Depot  
  39  3:43  Marine x2  
  39  3:44  SCV  
  39  3:45  Medivac  
  39  3:47  Supply Depot  
  44  3:58  Cyclone  
  47  4:03  Engineering Bay  
  47  4:08  Marine x2  
  47  4:09  SCV  
  42  4:33  SCV  
  42  4:35  Viking  
  42  4:38  Siege Tank, Marine x2  
  47  4:46  SCV  
  48  4:58  SCV  
  49  5:07  Command Center  
  49  5:15  SCV  
  46  5:28  SCV  
  42  5:51  Terran Infantry Weapons Level 1  
  42  5:53  Siege Tank, Medivac  
  42  5:54  Marine x2  
  49  6:04  Command Center  
  49  6:25  Viking  
  51  6:29  Siege Tank, Marine  
  55  6:33  Supply Depot  
  55  6:46  Missile Turret x2  
  55  6:47  Missile Turret  
  55  6:54  Marine  
  55  6:55  SCV  
  55  7:00  Supply Depot  
  57  7:15  Marine x2  
  59  7:17  Cyclone  
  59  7:19  Orbital Command  
  62  7:29  Barracks  
  62  7:31  Barracks  
  62  7:33  Barracks  
  62  7:34  Barracks  
  47  8:11  Siege Tank  
  70  8:12  Medivac  
  42  8:17  Marine x2  
  46  8:25  Refinery  
  46  8:27  SCV x2, Refinery  
  48  8:29  Marine x4  
  52  8:34  Marine x2  
  52  8:35  Armory  
  52  8:39  SCV x2  
  52  8:40  Engineering Bay  
  56  8:50  Marine x3  
  56  8:51  SCV x2  
  56  8:52  Marine x2  
  56  8:54  Siege Tank  
  66  9:08  Starport Reactor  
  66  9:10  Barracks Tech Lab  
  66  9:11  Barracks Tech Lab  
  66  9:14  Marine x4  
Show
View Real Time Build Order
Export as new Build Order

LilDicky Terran - Winner!

Build Orders: Liberator Opening 

Get SALT Encoding   

  12  0:01  SCV  
  13  0:15  SCV  
  14  0:23  Supply Depot  
  14  0:29  SCV  
  15  0:40  Refinery  
  15  0:44  SCV  
  15  0:49  Barracks  
  16  0:56  SCV  
  17  1:09  SCV  
  18  1:21  SCV  
  19  1:33  SCV  
  19  1:35  Marine  
  19  1:36  Supply Depot  
  21  1:46  Orbital Command  
  21  1:50  Factory  
  21  1:52  Refinery  
  21  1:54  Marine  
  22  2:11  SCV  
  22  2:12  Marine  
  24  2:23  SCV  
  25  2:30  Marine  
  25  2:34  Factory Tech Lab  
  25  2:36  SCV  
  27  2:37  Starport  
  27  2:42  Supply Depot  
  27  2:48  Marine  
  29  2:58  Siege Tank  
  29  3:04  SCV, Liberator  
  32  3:06  Supply Depot  
  32  3:07  Marine  
  33  3:16  SCV  
  34  3:20  Supply Depot  
  37  3:28  SCV  
  37  3:32  Engineering Bay  
  37  3:33  Marine  
  39  3:38  Siege Tank  
  39  3:40  SCV  
  43  3:43  Supply Depot  
  43  4:01  SCV, Marine  
  45  4:04  Viking  
  47  4:11  Supply Depot  
  47  4:13  SCV  
  41  4:25  SCV  
  41  4:27  Marine  
  41  4:28  Siege Tank  
  46  4:35  Command Center  
  43  4:55  SCV  
  44  5:13  SCV  
  41  5:25  SCV  
  42  5:37  SCV  
  37  5:50  SCV  
  37  5:51  Marine  
  37  5:52  Viking  
  41  5:58  Starport  
  41  6:00  Siege Tank  
  44  6:06  SCV  
  44  6:07  Liberator, Refinery, Orbital Command  
  44  6:11  Refinery  
  43  6:19  Marine  
  43  6:25  SCV  
  48  6:35  Siege Tank  
  48  6:37  Viking  
  52  6:41  Barracks  
  52  6:42  Barracks  
  52  6:43  SCV x2, Marine  
  55  6:55  SCV x2  
  55  6:56  Supply Depot  
  55  6:59  Supply Depot  
  57  7:02  Marine  
  57  7:07  SCV x2, Viking x2  
  57  7:08  Siege Tank  
  67  7:12  Missile Turret  
  66  7:19  SCV x2  
  68  7:31  SCV x2  
  70  7:40  Siege Tank  
  71  7:56  Liberator  
  71  7:57  Liberator  
  63  8:10  SCV x2  
  63  8:12  Siege Tank  
  60  8:15  Marine x3  
  69  8:25  SCV x2  
  71  8:31  Command Center  
  71  8:32  Refinery  
  71  8:33  Refinery, Marine x3  
  74  8:37  SCV x2  
  74  8:39  Factory  
  76  8:44  Siege Tank  
  76  8:47  Liberator x2  
  79  8:49  SCV x2  
  79  8:51  Marine x3  
  84  8:56  Supply Depot  
  84  8:58  Supply Depot  
  84  9:01  SCV x2  
  86  9:08  Marine  
  86  9:09  Marine x2  
  95  9:26  Marine  
  96  9:43  Factory Tech Lab  
Tags
 
Add a new tag
Caveats
  • Supply blocks, unpowered buildings, or Contaminate may cause inaccurate times.
  • Supply counts are checked every 10 seconds.